 Dungeon Crawl Stone Soup version 0.15.1-4-gac8487e (webtiles) character file.

67 Psiweapon the Twirler (level 4, -3/33 HPs)
             Began as a Mummy Gladiator on Oct 15, 2014.
             Slain by a slave (9 damage)
             ... led by Pikel
             ... on Level 4 of the Dungeon.
             The game lasted 00:08:05 (2424 turns).

Psiweapon the Twirler (Mummy Gladiator)             Turns: 2424, Time: 00:08:05

HP  -3/33        AC  5     Str 18      XL: 4   Next:  0%
MP   4/4         EV 11     Int  8      God:
Gold 176         SH  0     Dex 12      Spells:  0 memorised,  3 levels left

rFire  . . .     SeeInvis .     a - +0 quarterstaff
rCold  + . .     Clarity  .     f - +0 leather armour
rNeg   + + +     rCorr    .     (no shield)
rPois  +         rRot     +     c - +0 helmet
rElec  .         Spirit   .     g - +0 cloak
SustAb .         Warding  .     (no gloves)
rMut   .         Stasis   .     (no boots)
Gourm  .                        (no amulet)
MR     .....                    (no ring)
                                v - ring of protection from fire

@: not resistant to hostile enchantments, very unstealthy
A: no food or potions, fire vulnerability, restore body, cold resistance 1,
negative energy resistance 3, poison resistance, torment resistance, unbreathing
a: no special abilities


You were on level 4 of the Dungeon.
You were not hungry.

You visited 1 branch of the dungeon, and saw 4 of its levels.

You collected 176 gold pieces.

Inventory:

Hand weapons
 a - a +0 quarterstaff (weapon)
 b - a +0 hunting sling of flaming
Missiles
 d - 3 throwing nets (quivered)
 m - 9 poisoned needles
 n - 20 arrows
 p - 7 bolts
 r - 53 sling bullets
Armour
 c - a +0 helmet (worn)
 f - a +0 leather armour (worn)
 g - a +0 cloak (worn)
 o - a +0 ring mail
Scrolls
 e - 2 scrolls of immolation {unknown}
 h - a scroll of identify {unknown}
 i - 2 scrolls of teleportation {unknown}
 j - 2 scrolls of blinking {unknown}
 k - a scroll of fear {unknown}
 l - a scroll of random uselessness {unknown}
 q - a scroll of enchant weapon {unknown}
 s - a scroll of magic mapping {unknown}
 t - 3 scrolls of enchant armour {unknown}
 u - a scroll of remove curse {unknown}
Jewellery
 v - a ring of protection from fire (left hand)


   Skills:
 - Level 2.0 Fighting
 + Level 4.0 Staves
 - Level 1.5 Throwing
 - Level 2.4 Dodging


You had 3 spell levels left.
You didn't know any spells.

Dungeon Overview and Level Annotations

Branches:
Dungeon (4/15)
 Temple: D:4-7

Altars:
Vehumet
Xom
Yredelemnul


Innate Abilities, Weirdness & Mutations

You do not eat or drink.
Your flesh is vulnerable to fire.
Your flesh is cold resistant.
You are immune to negative energy.
Your system is resistant to poisons.
You are immune to unholy pain and torment.
You can survive without breathing.


Message History

You closely miss the slave.
The slave is moderately wounded.
The slave closely misses you.
You hit the slave.
The slave is heavily wounded.
The slave hits you but does no damage. The slave barely misses you.
You closely miss the slave.
The slave is heavily wounded.
The slave hits you. The slave barely misses you. The slave hits you.
The slave hits you! The slave hits you!
* * * LOW HITPOINT WARNING * * *
You see here 19 arrows.
You barely miss the slave.
The slave is moderately wounded.
The slave hits you.
* * * LOW HITPOINT WARNING * * *
The slave hits you!
You die...

#....'... #### #....#+##
.#+####### #... #....#
..........# #...###....#
........<.# #.......#'## ##
..........# #...(...#.##...
..#+####'####....(..+......
.#........##.......#......
....######@######........#.
.....#.#.##p##.#.#.......#..
.......#.##...##.#.......#.#.
#.......................#.###
#.....................#.##
#...................#.##
#.#.................#.##
#.#...#..#.#..#...#.##
#.######...######.#..


You could see a slave.

Vanquished Creatures
  A worm (D:2)
  3 giant geckos
  5 bats
  5 giant cockroaches
  5 goblins
  5 hobgoblins
  6 jackals
  A quokka (D:2)
  A ball python (D:1)
  5 giant newts
  8 kobolds
  6 rats
51 creatures vanquished.

Notes
Turn   | Place    | Note
--------------------------------------------------------------
     0 | D:1      | Psiweapon, the Mummy Gladiator, began the quest for the Orb.
     0 | D:1      | Reached XP level 1. HP: 16/16 MP: 1/1
   246 | D:1      | Reached XP level 2. HP: 19/22 MP: 2/2
   254 | D:1      | Reached skill level 3 in Staves
   782 | D:2      | Reached XP level 3. HP: 24/27 MP: 3/3
  1547 | D:3      | Found a radiant altar of Vehumet.
  1548 | D:3      | Found a shimmering altar of Xom.
  1850 | D:3      | Reached skill level 4 in Staves
  1994 | D:3      | Found a basalt altar of Yredelemnul.
  2215 | D:4      | Reached XP level 4. HP: 18/33 MP: 4/4
  2363 | D:4      | Noticed a slave
  2364 | D:4      | Noticed a slave
  2365 | D:4      | Noticed a slave
  2424 | D:4      | Slain by a slave

Action                   |  1- 3 |  4- 6 || total
-------------------------+-------+-------++-------
Melee: Quarterstaff      |   176 |    11 ||   187
 Fire: Hunting sling     |     3 |     5 ||     8
Throw: Throwing net      |     2 |       ||     2
 Stab: Held in net/web   |     2 |       ||     2
